 Dungeon Crawl Stone Soup version 0.21-a0-471-gd587bd5 (webtiles) character file.

3509 Daviar the Destroyer (level 10, -2/73 HPs)
             Began as a Gnoll Conjurer on Nov 22, 2017.
             Was a Believer of Ashenzari.
             Killed from afar by an electric eel (8 damage)
             ... with a bolt of electricity
             ... on level 8 of the Dungeon.
             The game lasted 00:31:50 (5934 turns).

Daviar the Destroyer (Gnoll Conjurer)               Turns: 5934, Time: 00:31:51

Health: -2/73      AC:  2    Str: 10      XL:     10   Next: 7%
Magic:  9/20       EV: 14    Int: 19 (21) God:    Ashenzari [**....]
Gold:   412        SH: 10    Dex: 15 (16) Spells: 12/23 levels left

rFire    . . .     SeeInvis .   k - +3 dagger (elec) (curse)
rCold    . . .     Gourm    .   e - +1 shield (curse)
rNeg     . . .     Faith    .   a - +0 robe (curse)
rPois    .         Spirit   .   (no helmet)
rElec    .         Reflect  .   (no cloak)
rCorr    .         Harm     .   (no gloves)
MR       .....                  (no boots)
Stlth    +++.......             f - amulet of regeneration (curse)
HPRegen  0.62/turn              (no ring)
MPRegen  0.17/turn              (no ring)

@: no status effects
A: distributed training, fangs 1, strong nose
a: Curse Item, Scrying, Renounce Religion


You were on level 8 of the Dungeon.
You worshipped Ashenzari.
Ashenzari was pleased with you.
You were hungry.

You visited 1 branch of the dungeon, and saw 8 of its levels.

You collected 412 gold pieces.

Inventory:

Hand Weapons
 k - a cursed +3 dagger of electrocution (weapon)
 p - a +0 hand axe of flaming
Missiles
 H - 3 throwing nets (quivered)
Armour
 a - a cursed +0 robe (worn)
 e - a cursed +1 shield (worn)
 g - a +0 leather armour
 N - a +0 cloak
Magical Staves
 F - an uncursed staff of earth
Jewellery
 f - a cursed amulet of regeneration (around neck)
 y - an uncursed amulet of rage
 J - an uncursed amulet of magic regeneration
Wands
 r - a wand of paralysis (10)
 x - a wand of flame (61)
 K - a wand of random effects (20)
 M - a wand of acid (12)
Scrolls
 h - 3 scrolls of identify
 i - 4 scrolls of teleportation
 j - a scroll of blinking
 t - a scroll of enchant weapon
 w - a scroll of enchant armour
 B - 3 scrolls of fog
Potions
 d - 6 potions of curing
 m - a potion of lignification
 n - 3 potions of magic
 q - a potion of mutation
 u - a potion of brilliance {unknown}
 v - a potion of ambrosia
 z - a potion of heal wounds
 C - a potion of berserk rage
 D - a potion of degeneration
 E - a potion of cancellation
 G - a potion of resistance
 I - a potion of haste
 L - a potion of flight
Books
 b - a book of Conjurations

   Spells                             Type                      Level
   a - Magic Dart                     Conjuration                  1
   b - Searing Ray                    Conjuration                  2
   c - Dazzling Spray                 Conjuration/Hexes            3
   d - Fulminant Prism                Conjuration/Hexes            4
   e - Force Lance                    Conjuration/Translocation    4
   f - Iskenderun's Mystic Blast      Conjuration                  4
Comestibles
 c - 6 bread rations
 l - 2 fruits
 o - 5 royal jellies
 A - 6 meat rations


   Skills:
 + Level 4.8 Fighting
 + Level 4.8(7.0) Short Blades
 + Level 4.8 Long Blades
 + Level 4.8 Axes
 + Level 4.8 Maces & Flails
 + Level 4.8 Polearms
 + Level 4.8 Staves
 + Level 4.8 Slings
 + Level 4.8 Bows
 + Level 4.8 Crossbows
 + Level 4.8 Throwing
 + Level 4.8 Armour
 + Level 6.7 Dodging
 + Level 6.4 Stealth
 + Level 4.8(6.2) Shields
 + Level 4.8 Unarmed Combat
 + Level 7.0 Spellcasting
 + Level 8.2 Conjurations
 + Level 4.0 Hexes
 + Level 4.0 Charms
 + Level 4.0 Summonings
 + Level 4.0 Necromancy
 + Level 4.0 Translocations
 + Level 4.0 Transmutations
 + Level 4.0 Fire Magic
 + Level 4.0 Ice Magic
 + Level 4.0 Air Magic
 + Level 4.0 Earth Magic
 + Level 4.0 Poison Magic
 + Level 5.3 Invocations
 + Level 4.8 Evocations


You had 12 spell levels left.
You knew the following spells:

 Your Spells              Type           Power        Failure   Level  Hunger
a - Magic Dart            Conj           ####         1%          1    None
b - Searing Ray           Conj           #####.       1%          2    None
c - Iskenderun's Mystic   Conj           #####...     11%         4    ###....
d - Fulminant Prism       Conj/Hex       ####......   24%         4    ###....


Dungeon Overview and Level Annotations

Branches:
Dungeon (8/15)             Temple (0/1) D:5            Lair (0/6) D:8

Altars:
Ashenzari
Cheibriados
Dithmenos
Fedhas
Gozag
Okawaru
Xom
Yredelemnul

Shops:
D:5 [


Innate Abilities, Weirdness & Mutations

Your experience applies equally to all skills.
You have very sharp teeth.
Your uncanny sense of smell can sniff out nearby items.


Message History

Aiming: Fulminant Prism
Press: ? - help, Dir - move target cursor You conjure a prism of explosive energy!
The electric eel shoots out a bolt of lightning at you!
The bolt of electricity hits you! The bolt of electricity misses you.
The electric eel shoots out a bolt of lightning at you!
The bolt of electricity hits you!
Your fulminant prism crackles loudly.
The electric eel shoots out a bolt of lightning at you!
The bolt of electricity hits you!
* * * LOW HITPOINT WARNING * * *
The bolt of electricity hits you!
* * * LOW HITPOINT WARNING * * *
You hear an explosion!
The blast of energy engulfs the electric eel.
The electric eel is severely wounded.
An electric eel comes into view.
The electric eel shoots out a bolt of lightning at you!
The bolt of electricity hits you!
You die...

.# ##.#
.#** *** *
#.# ##≈ ≈≈
#.# ≈ ,,
.≈≈#* #.#
,,, ≈ ..≈≈#
#.# ≈
...≈≈# #.#
, ∆
,....≈≈##.#
, ≈
.....≈≈#.#
......≈#@#
, ≈
≈...*.≈#.#
≈
≈≈≈≈;..'.#
≈
≈;≈≈≈.†'.#
≈
≈≈.....≈###
, ≈
......≈*
.....≈≈* ,
....;≈# , ≈
...≈≈#*


You could see an electric eel.

Vanquished Creatures
  An ugly thing (D:7)
  The ghost of anet the Magician, a novice DEWz (D:4)
  Menkaure (D:7)
  A porcupine (D:8)
  2 ice beasts
  An orc warrior (D:8)
  2 phantoms
  A black bear (D:7)
  2 ogres
  A centaur (D:7)
  A big kobold (D:7)
  3 bullfrogs
  3 scorpions
  3 howler monkeys
  3 wights (D:6)
  An electric eel (D:8)
  A bullfrog zombie (D:6)
  4 hounds
  An orc priest (D:8)
  3 jellies
  3 bullfrog skeletons
  4 iguanas
  Terence (D:2)
  3 orc wizards
  5 worker ants
  Natasha (D:3)
  A killer bee zombie (D:5)
  A hound skeleton (D:6)
  8 gnolls
  12 adders
  2 shadow imps
  2 oozes
  3 adder zombies
  3 worms
  A dart slug (D:1)
  A leopard gecko (D:4)
  25 orcs
  3 giant cockroaches
  7 goblins
  10 hobgoblins
  19 jackals
  16 kobolds
  2 quokkas
  4 bats
  A jackal zombie (D:5)
  A leopard gecko zombie (D:7)
  6 rats
181 creatures vanquished.

Vanquished Creatures (others)
  A sky beast (D:8)
  6 fulminant prisms
7 creatures vanquished.

Grand Total: 188 creatures vanquished

Notes
Turn   | Place    | Note
-------+----------+-------------------------------------------
     0 | D:1      | Daviar the Gnoll Conjurer began the quest for the Orb.
     0 | D:1      | Reached XP level 1. HP: 13/13 MP: 6/6
   162 | D:1      | Reached XP level 2. HP: 19/19 MP: 7/7
   478 | D:1      | Reached XP level 3. HP: 23/25 MP: 9/9
   483 | D:1      | Learned a level 2 spell: Searing Ray
   601 | D:1      | Reached skill level 5 in Spellcasting
   787 | D:2      | Reached skill level 1 in Invocations
   825 | D:2      | Found a shadowy altar of Dithmenos.
   921 | D:2      | Reached skill level 1 in Fighting
   921 | D:2      | Reached skill level 1 in Short Blades
   921 | D:2      | Reached skill level 1 in Long Blades
   921 | D:2      | Reached skill level 1 in Axes
   921 | D:2      | Reached skill level 1 in Maces & Flails
   921 | D:2      | Reached skill level 1 in Polearms
   921 | D:2      | Reached skill level 1 in Staves
   921 | D:2      | Reached skill level 1 in Slings
   921 | D:2      | Reached skill level 1 in Bows
   921 | D:2      | Reached skill level 1 in Crossbows
   921 | D:2      | Reached skill level 1 in Throwing
   921 | D:2      | Reached skill level 1 in Armour
   921 | D:2      | Reached skill level 1 in Shields
   921 | D:2      | Reached skill level 1 in Unarmed Combat
   921 | D:2      | Reached skill level 1 in Evocations
  1061 | D:2      | Reached XP level 4. HP: 32/32 MP: 11/11
  1069 | D:2      | Noticed Terence
  1075 | D:2      | Killed Terence
  1119 | D:2      | Learned a level 4 spell: Iskenderun's Mystic Blast
  1354 | D:2      | Found an opulent altar of Gozag.
  1800 | D:3      | Learned a level 4 spell: Fulminant Prism
  1814 | D:3      | Reached skill level 1 in Hexes
  1814 | D:3      | Reached skill level 1 in Charms
  1814 | D:3      | Reached skill level 1 in Summonings
  1814 | D:3      | Reached skill level 1 in Necromancy
  1814 | D:3      | Reached skill level 1 in Translocations
  1814 | D:3      | Reached skill level 1 in Transmutations
  1814 | D:3      | Reached skill level 1 in Fire Magic
  1814 | D:3      | Reached skill level 1 in Ice Magic
  1814 | D:3      | Reached skill level 1 in Air Magic
  1814 | D:3      | Reached skill level 1 in Earth Magic
  1814 | D:3      | Reached skill level 1 in Poison Magic
  1892 | D:3      | Reached XP level 5. HP: 28/37 MP: 9/12
  1937 | D:3      | Noticed Natasha
  2122 | D:3      | Killed Natasha
  2218 | D:3      | Reached XP level 6. HP: 39/44 MP: 13/13
  2466 | D:4      | Noticed anet's ghost (novice DEWz)
  2481 | D:4      | Killed anet's ghost
  2481 | D:4      | Reached skill level 5 in Dodging
  2481 | D:4      | Reached XP level 7. HP: 50/51 MP: 4/15
  2559 | D:4      | Found a basalt altar of Yredelemnul.
  2667 | D:4      | Found a shattered altar of Ashenzari.
  2693 | D:4      | Reached skill level 5 in Stealth
  2925 | D:4      | Found an iron altar of Okawaru.
  3181 | D:4      | Found a blossoming altar of Fedhas.
  3182 | D:4      | Found an iron altar of Okawaru.
  3217 | D:4      | Became a worshipper of Ashenzari the Shackled
  3266 | D:5      | Entered Level 5 of the Dungeon
  3270 | D:5      | Reached XP level 8. HP: 57/57 MP: 16/16
  3576 | D:5      | Found a staircase to the Ecumenical Temple.
  3699 | D:5      | Found Gagap's Antique Armour Emporium.
  4050 | D:5      | Reached * piety under Ashenzari
  4125 | D:6      | Found a shimmering altar of Xom.
  4418 | D:6      | Reached XP level 9. HP: 65/65 MP: 13/18
  4769 | D:7      | Found a snail-covered altar of Cheibriados.
  4880 | D:7      | Found a shimmering altar of Xom.
  5011 | D:7      | Reached skill level 8 in Conjurations
  5046 | D:7      | Noticed a green ugly thing
  5061 | D:7      | Killed a green ugly thing
  5097 | D:7      | Noticed Menkaure
  5099 | D:7      | Killed Menkaure
  5304 | D:7      | Reached ** piety under Ashenzari
  5379 | D:7      | Reached skill level 5 in Invocations
  5830 | D:8      | Found a staircase to the Lair.
  5833 | D:8      | Reached XP level 10. HP: 73/73 MP: 20/20
  5934 | D:8      | Killed from afar by an electric eel

Vault maps used:
D:1:      kennysheep_arrival_forest, minmay_tromino_i2
D:2:      nicolae_gozag_seed_capital, nicolae_dithmenos_shadow_blocks,
          uniq_terence
D:3:      first_bread, uniq_natasha
D:4:      ashenzari_conservatory_becter, gammafunk_temple_overflow_statue,
          lemuel_crystal_altar, okawaru_gym_becter
D:5:      serial_shops, shop
D:6:      minivault_24, brannock_xom_greatest_gift
D:7:      cheibriados_altar_1, overflow_temple_1_default, grunt_ogre_cave,
          uniq_menkaure
D:8:      grunt_lair_entry_orc_guard_hut, kennysheep_cross_room,
          palyth_stone_intersect, roderic_lattice_a,
          hangedman_abyss_or_decor_lesser_grid

Skill      XL: |  1  2  3  4  5  6  7  8  9 10 |
---------------+-------------------------------+-----
Spellcasting   | 5 6 7 |  7.0
Invocations    | 1 2 3 4 5 |  5.3
Fighting       | 1 2 3 4 |  4.8
Short Blades   | 1 2 3 4 |  4.8
Long Blades    | 1 2 3 4 |  4.8
Axes           | 1 2 3 4 |  4.8
Maces & Flails | 1 2 3 4 |  4.8
Polearms       | 1 2 3 4 |  4.8
Staves         | 1 2 3 4 |  4.8
Slings         | 1 2 3 4 |  4.8
Bows           | 1 2 3 4 |  4.8
Crossbows      | 1 2 3 4 |  4.8
Throwing       | 1 2 3 4 |  4.8
Armour         | 1 2 3 4 |  4.8
Shields        | 1 2 3 4 |  4.8
Unarmed Combat | 1 2 3 4 |  4.8
Evocations     | 1 2 3 4 |  4.8
Hexes          | 1 2 3 4 |  4.0
Charms         | 1 2 3 4 |  4.0
Summonings     | 1 2 3 4 |  4.0
Necromancy     | 1 2 3 4 |  4.0
Translocations | 1 2 3 4 |  4.0
Transmutations | 1 2 3 4 |  4.0
Fire Magic     | 1 2 3 4 |  4.0
Ice Magic      | 1 2 3 4 |  4.0
Air Magic      | 1 2 3 4 |  4.0
Earth Magic    | 1 2 3 4 |  4.0
Poison Magic   | 1 2 3 4 |  4.0
Dodging        | 5 6 |  6.7
Stealth        | 5 6 |  6.4
Conjurations   | 8 |  8.2

Action                   |  1- 3 |  4- 6 |  7- 9 | 10-12 || total
-------------------------+-------+-------+-------+-------++-------
Melee: Dagger            |    66 |    68 |   190 |     9 ||   333
       Bite              |     5 |     4 |    18 |     1 ||    28
       Punch             |       |       |     1 |       ||     1
 Cast: Magic Dart        |    15 |     6 |    31 |       ||    52
       Searing Ray       |     1 |     7 |    27 |     1 ||    36
       Iskenderun's Myst |       |     4 |     2 |     2 ||     8
       Fulminant Prism   |       |     3 |     2 |     1 ||     6
Invok: Curse Item        |       |       |     4 |       ||     4
  Use: Scroll            |       |       |    16 |       ||    16
       Potion            |       |       |     3 |       ||     3
 Stab: Sleeping          |     9 |     6 |    12 |     2 ||    29
  Eat: Chunk             |       |     6 |    11 |       ||    17
Armor: Robe              |    13 |     7 |    20 |       ||    40
Dodge: Dodged            |    44 |    49 |   117 |     2 ||   212
Block: Shield            |       |       |    58 |     1 ||    59

Table legend:
 A = Spawn XP
 B = Non-spawn XP
 C = Spawn XP percentage of total XP
 D = Spawn monster count
 E = Non-spawn monster count
 F = Spawn count percentage of total count
 G = Total turns spent on level
                    A         B        C        D         E        F      G
               +---------+---------+-------+---------+---------+-------+---------
         Total |       0 |    5014 |   0.0 |       0 |     182 |   0.0 |  5934
               +---------+---------+-------+---------+---------+-------+---------
           D:1 |       0 |      38 |   0.0 |       0 |      18 |   0.0 |   718
           D:2 |       0 |      92 |   0.0 |       0 |      24 |   0.0 |  1045
           D:3 |       0 |     236 |   0.0 |       0 |      32 |   0.0 |   684
           D:4 |       0 |     793 |   0.0 |       0 |      25 |   0.0 |   925
           D:5 |       0 |     739 |   0.0 |       0 |      23 |   0.0 |   717
           D:6 |       0 |     641 |   0.0 |       0 |      19 |   0.0 |   632
           D:7 |       0 |    1635 |   0.0 |       0 |      28 |   0.0 |   916
           D:8 |       0 |     840 |   0.0 |       0 |      13 |   0.0 |   297
               +---------+---------+-------+---------+---------+-------+---------
